 Dungeon Crawl Stone Soup version 0.31-a0-1620-gcbf77bbcfc (webtiles) character file.

Game seed: 11803510236133242240

11163 Dirtsage the Mimic (level 11, -9/90 HPs)
             Began as an Octopode Shapeshifter on Jan 11, 2024.
             Was a Believer of the Shining One.
             Mangled by a catoblepas (13 damage)
             ... while petrified by a catoblepas
             ... on level 1 of the Lair of Beasts.
             The game lasted 00:28:55 (10411 turns).

Dirtsage the Mimic (Octopode Shapeshifter)         Turns: 10411, Time: 00:28:56

Health: -9/90      AC: 13    Str: 19    XL:     11   Next: 73%
Magic:  0/14       EV:  1    Int: 13    God:    the Shining One [**....]
Gold:   567        SH:  0    Dex: 15    Spells: 10/10 levels left

rFire   + .          .
                       - Unarmed
rCold   + . .        (shield currently unavailable)
rNeg    + + +        (helmet currently unavailable)
rPois   ∞            E - amulet of guardian spirit
rElec   .            P - ring of poison resistance
rCorr   .            f - +4 ring of protection
SInv    .            N - ring of positive energy
Will    .....        F - ring of protection from fire
Stlth   +            I - ring of protection from cold
HPRegen 0.35/turn    r - ring of positive energy
MPRegen 0.14/turn    d - ring of flight
                     (no ring)

%: guardian spirit
@: divinely shielded, snake-form, petrified, flying, glowing
A: constrict, boosted hp, almost no armour, amphibious, 8 rings, large,
(camouflage 1), (gelatinous body 1), (nimble swimmer 1), (tentacles)
a: Begin Untransformation, Renounce Religion, Divine Shield


You were on level 1 of the Lair of Beasts.
You worshipped the Shining One.
The Shining One was pleased with you.
You were an enormous serpent.
You visited 3 branches of the dungeon, and saw 12 of its levels.
You also visited: Sewer.

You collected 567 gold pieces.

Inventory:

Missiles
 D - a curare-tipped dart (quivered)
Magical Staves
 K - a staff of alchemy
Jewellery
 d - a ring of flight (on tentacle)
 f - a +4 ring of protection (right tentacle)
 r - a ring of positive energy (on tentacle)
 E - an amulet of guardian spirit (around neck)
 F - a ring of protection from fire (on tentacle)
 I - a ring of protection from cold (on tentacle)
 N - a ring of positive energy (on tentacle)
 P - a ring of poison resistance (left tentacle)
Talismans
 e - a serpent talisman (active)
 w - a dragon-blood talisman
 B - a blade talisman
Wands
 a - a wand of polymorph (9)
 u - a wand of acid (1)
 y - a wand of paralysis (7)
 A - a wand of iceblast (14)
Scrolls
 c - 2 scrolls of enchant weapon
 g - a scroll of fear
 i - a scroll of identify
 n - a scroll of blinking {unknown}
 o - a scroll of revelation
 p - 3 scrolls of poison
 t - a scroll of vulnerability {unknown}
 x - 2 scrolls of immolation
 C - a scroll of silence {unknown}
 H - a scroll of amnesia {unknown}
 J - a scroll of enchant armour {unknown}
 L - a scroll of torment {unknown}
Potions
 b - a potion of resistance {unknown}
 h - a potion of haste
 j - 3 potions of attraction
 k - 2 potions of cancellation
 m - 2 potions of brilliance {unknown}
 s - a potion of ambrosia {unknown}
 v - 2 potions of invisibility
 z - 2 potions of berserk rage {unknown}


   Skills:
 + Level 7.5 Fighting
 + Level 7.7 Dodging
 + Level 8.3 Unarmed Combat
 + Level 5.0 Invocations
 + Level 5.0 Evocations
 * Level 10.6 Shapeshifting


You had 10 spell levels left.
You didn't know any spells.
Your spell library contained the following spells:

 Spells                   Type           Power      Damage    Failure   Level
 Sting                    Conj/Alch      0%         1d3       30%         1
 Blink                    Tloc           0%         N/A       43%         2
 Ensorcelled Hibernation  Hex/Ice        0%         N/A       43%         2
 Lesser Beckoning         Tloc           0%         N/A       43%         2
 Mercury Vapours          Alch/Air       0%         N/A       43%         2
 Momentum Strike          Conj/Tloc      0%         3d8       43%         2
 Frozen Ramparts          Ice            0%         1d1       67%         3
 Mephitic Cloud           Conj/Alch/Air  0%         N/A       67%         3
 Ozocubu's Armour         Ice            0%         N/A       67%         3
 Passwall                 Erth           0%         N/A       67%         3
 Summon Ice Beast         Ice/Summ       0%         N/A       67%         3
 Swiftness                Air            0%         N/A       67%         3
 Tukima's Dance           Hex            0%         N/A       67%         3
 Leda's Liquefaction      Alch/Erth      0%         N/A       97%         4
 Olgreb's Toxic Radiance  Alch           0%         N/A       97%         4
 Passage of Golubria      Tloc           0%         N/A       97%         4
 Petrify                  Alch/Erth      0%         N/A       97%         4
 Freezing Cloud           Conj/Ice/Air   0%         6-21      100%        5
 Metabolic Englaciation   Hex/Ice        0%         N/A       100%        5
 Summon Mana Viper        Hex/Summ       0%         N/A       100%        5
 Yara's Violent Unravell  Hex/Alch       0%         3d3       100%        5
 Sculpt Simulacrum        Ice/Alch       0%         N/A       100%        6
 Monstrous Menagerie      Summ           0%         N/A       100%        7


Dungeon Overview and Level Annotations

Branches:
Dungeon (10/15)            Temple (1/1) D:7            Lair (1/5) D:8
  Sewer (visited)
    Orc: D:9-12

Altars:
Ashenzari
Cheibriados
Dithmenos
Elyvilon
Fedhas
Gozag
Hepliaklqana
Kikubaaqudgha
Makhleb
Nemelex Xobeh
Okawaru
Qazlal
Ru
Sif Muna
Trog
Uskayaw
Vehumet
Wu Jian
Yredelemnul
Zin
The Shining One


Innate Abilities, Weirdness & Mutations

You are an enormous serpent.
You have a powerful constriction melee attack.
Your maximum health is increased.
Your armour is entirely melded.
You are incapable of wielding weapons or throwing items.
You cannot wear most types of armour.
You are amphibious.
You can wear up to eight rings at the same time.
((Your skin changes colour to match your surroundings (Stealth+).))
((Your rubbery body absorbs attacks. (AC +1, EV +1)))
((You are camouflaged when in or above water. (Stealth+)))
((You have tentacles for arms and can constrict up to eight enemies at once.))


Message History

As you read the scroll of fear, it crumbles to dust.
You assume a fearsome visage.
The catoblepas resists with almost no effort.
The catoblepas barely misses you.
The catoblepas attacks as it pursues you!
You block the catoblepas's attack.
Okay, then.
As you read the scroll of fear, it crumbles to dust.
You assume a fearsome visage.
The catoblepas easily resists.
The catoblepas gores you.
* * * LOW HITPOINT WARNING * * *
You take 1 damage, and have 20/90 hp.
You hit the catoblepas. You grab the catoblepas.
The catoblepas is lightly wounded.
You constrict the catoblepas, but do no damage.
The catoblepas breathes a plume of calcifying dust at you.
The blast of calcifying dust hits you but does no damage.
You hit the catoblepas but do no damage.
The catoblepas is lightly wounded.
You are engulfed in calcifying dust.
You are slowing down.
You constrict the catoblepas. The catoblepas gores you!!
* * * LOW HITPOINT WARNING * * *
You take 11 damage, and have 9/90 hp.
Unknown command.
You feel better.
You are engulfed in calcifying dust.
Your limbs have turned to stone.
You constrict the catoblepas. The catoblepas completely misses you.
You have turned to stone.
You are engulfed in calcifying dust.
You constrict the catoblepas.
The catoblepas breathes a plume of calcifying dust at you.
The blast of calcifying dust hits you but does no damage.
You are engulfed in calcifying dust.
You constrict the catoblepas.
The catoblepas gores you but does no damage.
You are engulfed in calcifying dust.
You constrict the catoblepas. The catoblepas gores you!!
* * * LOW HITPOINT WARNING * * *
You constrict the catoblepas. The catoblepas gores you!
* * * LOW HITPOINT WARNING * * *
You constrict the catoblepas. The catoblepas gores you!!
You die...

###......... .#.
#..........P..# .. ##.#
#..##..#.## . .. ##..#
#..#......# #.
##.##..#.##.........#
#..#..#.......#.........
.##....... #.[..........
..P......# #....#...>...
... #PS## ###.####.P#..
... ###Y#####..# #..###
#l## ##Y.....## ##.##
#..###...#...# #..##
##.#l..####.## ##.##
#...#.## #...###....
##....# ..#.....#P.
##..## .####...... ##Y.
# #.......


You could see 2 catoblepae.

Vanquished Creatures
  A centaur warrior (D:10)
  A two-headed ogre (D:9)
  Maurice (D:8)
  3 elephants (Lair:1)
  A black mamba (Lair:1)
  A rust devil (D:9)
  A gargoyle (D:10)
  Joseph (D:7)
  A smoke demon (D:9)
  Maggie (D:8)
  Psyche (D:8)
  2 hellwings (D:9)
  Grinder (D:3)
  Prince Ribbit (D:8)
  A hornet (D:8)
  Sigmund (D:4)
  2 wyverns
  3 yaks (D:10)
  4 vampire mosquitoes (D:10)
  A steam dragon (D:9)
  Menkaure (D:4)
  A water moccasin (D:7)
  Duvessa (D:4)
  Pargi (Sewer)
  4 orc warriors
  An ice beast (D:7)
  2 black bears (Lair:1)
  An ogre (D:4)
  3 centaurs
  A kobold brigand (D:9)
  5 bullfrogs (Lair:1)
  4 scorpions
  5 wights (D:6)
  Dowan (D:4)
  6 killer bees (D:9)
  7 howler monkeys
  3 hounds
  A bombardier beetle (D:4)
  12 orc priests
  3 sleepcaps
  Terence (D:2)
  10 orc wizards
  An iguana (D:6)
  Robin (D:4)
  3 gnolls
  9 adders
  A river rat (D:6)
  3 white imps
  2 ufetubi (D:7)
  3 dart slugs
  A ribbon worm (D:2)
  27 orcs
  4 ball pythons
  4 bats
  8 endoplasms
  A giant cockroach (D:1)
  10 goblins
  7 hobgoblins
  7 jackals
  3 quokkas
  4 frilled lizards
  16 kobolds
  10 rats
228 creatures vanquished.

Notes
Turn   | Place    | Note
-------+----------+-------------------------------------------
     0 | D:1      | Dirtsage the Octopode Shapeshifter began the quest for the
                  | Orb.
     0 | D:1      | Reached XP level 1. HP: 13/13 MP: 1/1
   236 | D:1      | Reached XP level 2. HP: 18/18 MP: 2/2
   948 | D:2      | Reached XP level 3. HP: 23/23 MP: 3/3
   958 | D:2      | Noticed Terence
   968 | D:2      | Killed Terence
  1139 | D:2      | Found a faded altar of an unknown god.
  1232 | D:2      | Reached XP level 4. HP: 24/29 MP: 4/4
  1500 | D:2      | Found an ancient bone altar of Kikubaaqudgha.
  2238 | D:2      | Reached skill level 4 in Shapeshifting
  2299 | D:3      | Reached XP level 5. HP: 34/34 MP: 5/5
  2313 | D:3      | Noticed Grinder
  2334 | D:3      | Paralysed by Grinder for 5 turns
  2343 | D:3      | Paralysed by Grinder for 4 turns
  2349 | D:3      | Paralysed by Grinder for 5 turns
  2359 | D:3      | Killed Grinder
  2360 | D:3      | Reached skill level 6 in Shapeshifting
  2360 | D:3      | Reached XP level 6. HP: 24/39 MP: 6/6
  3067 | D:3      | Reached XP level 7. HP: 38/44 MP: 7/7
  3162 | D:4      | Noticed Sigmund
  3166 | D:4      | Killed Sigmund
  3167 | D:4      | Reached skill level 7 in Shapeshifting
  3423 | D:4      | Noticed Robin
  3435 | D:4      | Killed Robin
  3504 | D:4      | Noticed Menkaure
  3512 | D:4      | Killed Menkaure
  3513 | D:4      | Reached skill level 8 in Shapeshifting
  3513 | D:4      | Reached XP level 8. HP: 19/50 MP: 8/8
  3808 | D:4      | Noticed Duvessa
  3809 | D:4      | Noticed Dowan
  3815 | D:4      | Killed Duvessa
  3822 | D:4      | Killed Dowan
  4002 | D:5      | Entered Level 5 of the Dungeon
  4089 | D:5      | Found a radiant altar of Vehumet.
  4588 | D:6      | Reached skill level 9 in Shapeshifting
  4588 | D:6      | Reached XP level 9. HP: 57/57 MP: 9/9
  4692 | D:6      | Found a glowing drain.
  4697 | Sewer    | Entered a sewer
  4759 | Sewer    | Noticed Pargi
  4767 | Sewer    | Killed Pargi
  5533 | D:7      | Found a staircase to the Ecumenical Temple.
  5554 | D:7      | Reached skill level 5 in Unarmed Combat
  5588 | Temple   | Entered the Ecumenical Temple
  5609 | Temple   | Became a worshipper of Elyvilon the Healer
  5813 | D:7      | Noticed Joseph
  5829 | D:7      | Killed Joseph
  6282 | D:7      | Reached * piety under Elyvilon
  6411 | D:7      | Reached skill level 5 in Dodging
  6530 | D:8      | Noticed Maggie
  6552 | D:8      | Killed Maggie
  6553 | D:8      | Reached skill level 5 in Fighting
  6553 | D:8      | Reached skill level 10 in Shapeshifting
  6715 | D:8      | Noticed Psyche
  6721 | D:8      | Killed Psyche
  6721 | D:8      | Noticed a hornet
  6722 | D:8      | Reached XP level 10. HP: 66/66 MP: 10/10
  6759 | D:8      | Noticed Prince Ribbit
  6772 | D:8      | Killed Prince Ribbit
  6818 | D:8      | Noticed Maurice
  6829 | D:8      | Maurice stole a dragon-blood talisman
  6832 | D:8      | Maurice stole 366 gold
  6836 | D:8      | Killed Maurice
  6837 | D:8      | Reached skill level 1 in Invocations
  6837 | D:8      | Reached skill level 1 in Evocations
  7107 | D:8      | Found a staircase to the Lair.
  7211 | D:8      | Found a hazy altar of Hepliaklqana.
  7211 | D:8      | Found a burning altar of Makhleb.
  7220 | D:8      | Found a glowing golden altar of the Shining One.
  7222 | D:8      | Found a faded altar of an unknown god.
  7223 | D:8      | Found a stormy altar of Qazlal.
  7226 | D:8      | Fell from the grace of Elyvilon
  7226 | D:8      | Became a worshipper of the Shining One
  7336 | D:9      | Noticed a smoke demon
  7354 | D:9      | Killed a smoke demon
  7354 | D:9      | Reached * piety under the Shining One
  7431 | D:9      | Noticed a rust devil
  7443 | D:9      | Killed a rust devil
  7952 | D:9      | Noticed a two-headed ogre
  7970 | D:9      | Killed a two-headed ogre
  7971 | D:9      | Reached XP level 11. HP: 56/74 MP: 10/13
  8740 | D:10     | Entered Level 10 of the Dungeon
  9043 | D:10     | Reached ** piety under the Shining One
  9831 | D:10     | Noticed a centaur warrior
  9842 | D:10     | Killed a centaur warrior
  9949 | Lair:1   | Entered Level 1 of the Lair of Beasts
 10080 | Lair:1   | Reached skill level 5 in Evocations
 10310 | Lair:1   | Reached skill level 5 in Invocations
 10379 | Lair:1   | Noticed a catoblepas
 10384 | Lair:1   | Noticed a catoblepas
 10395 | Lair:1   | HP: 1/90 [catoblepas (21)]
 10410 | Lair:1   | HP: 4/90 [catoblepas (2)]
 10411 | Lair:1   | Mangled by a catoblepas

Illustrated notes

Levels and vault maps discovered:
D:1:      dpeg_arrival_tiny_j, layout_loops_corners, moated_statue
D:2:      layout_basic, basic_altar, hellmonk_ecumenical_altar_crossroads,
          wad_floor_pattern_untrapped, uniq_terence
D:3:      layout_basic, minmay_pentomino_pile, uniq_grinder
D:4:      layout_loops_ring, minmay_liquid_box, uniq_sigmund, uniq_robin,
          uniq_duvessa, uniq_menkaure
D:5:      layout_rooms, nicolae_overflow_hidden_temple
D:6:      layout_loops_ring, gup_sewer_entry_spiral, nicolae_figureground_pulse
D:7:      layout_basic, minmay_temple_entry_overgrown, uniq_joseph
D:8:      layout_rooms, chequers_temple_overflow_minitemple, lair_entry_dummy,
          onia_ninara_dug_in_and_dangerous, uniq_psyche, uniq_maurice,
          uniq_prince_ribbit1, uniq_maggie
D:9:      layout_grid_maze, grunt_decor_junction, nicolae_where_there's_smoke
D:10:     layout_stronghold
Temple:   minmay_temple_bridge_d
Lair:1:   layout_layer_cave, beast_lair_carwin_3, infiniplex_staircase_pool

Skill      XL: |  1  2  3  4  5  6  7  8  9 10 11 |
---------------+----------------------------------+-----
Shapeshifting  | 4 6 8 9 10 | 10.6
Fighting       | 2 3 5 6 7 |  7.5
Dodging        | 4 5 7 |  7.7
Unarmed Combat | 4 6 7 8 |  8.3
Invocations    | 3 5 |  5.0
Evocations     | 3 5 |  5.0

Action                     |  1- 3 |  4- 6 |  7- 9 | 10-12 || total
---------------------------+-------+-------+-------+-------++-------
  Melee: Unarmed           |    45 |   113 |   217 |   264 ||   639
         Tentacles         |    12 |    25 |    21 |       ||    58
         Constrict         |    10 |    29 |    52 |    58 ||   149
         Punch             |     2 |     1 |     1 |     5 ||     9
 Invoke: Divine Shield     |       |       |       |     4 ||     4
  Evoke: Wand              |       |       |     4 |     1 ||     5
    Use: Potion            |       |     3 |     1 |     5 ||     9
         Scroll            |       |     2 |     9 |     9 ||    20
   Stab: Sleeping          |     9 |     4 |     4 |       ||    17
 Armour: Skin              |    10 |    56 |   141 |   277 ||   484
  Dodge: Dodged            |    24 |    52 |   126 |   154 ||   356
  Block: Other             |       |       |       |    19 ||    19
   Form: Flux              |       |     1 |       |       ||     1
         Serpent           |       |       |     1 |       ||     1

Table legend: (Time is in decaauts)
 A = Elapsed time spent in this place.
 B = Non-inter-level travel time spent in this place.
 C = Inter-level travel time spent in this place.
 D = Time resting spent in this place.
 E = Time spent auto-exploring this place.
 F = Levels seen in this place.
 G = Mean time per level.
                   A        B        C        D        E       F      G
               +--------+--------+--------+--------+--------+-----+--------+
         Total |  10351 |   9933 |    418 |    631 |   7735 |  13 |  796.2 |
       Dungeon |   9739 |   9361 |    378 |    631 |   7327 |  10 |  973.9 |
        Temple |     42 |      2 |     40 |      0 |      0 |   1 |   42.0 |
          Lair |    453 |    453 |      0 |      0 |    345 |   1 |  453.0 |
         Sewer |    116 |    116 |      0 |      0 |     63 |   1 |  116.0 |
               +--------+--------+--------+--------+--------+-----+--------+

Top non-repeatable levels by time:
     D:9: 1436 daAuts
     D:2: 1175 daAuts
    D:10: 1153 daAuts
     D:3: 991 daAuts
     D:7: 919 daAuts
     D:1: 917 daAuts
     D:4: 901 daAuts
     D:6: 881 daAuts
     D:8: 833 daAuts
     D:5: 529 daAuts
  Lair:1: 453 daAuts
   Sewer: 116 daAuts
  Temple: 42 daAuts
